 Dungeon Crawl Stone Soup version 0.28-a0-511-gcc94558de3 (webtiles) character file.

Game seed: 14775530075181143604

1256 frimble the Stinger (level 8, -7/90 HPs)
             Began as a Demonspawn Venom Mage on Sept 22, 2021.
             Mangled by Harold (13 damage)
             ... on level 7 of the Dungeon.
             The game lasted 00:08:26 (6833 turns).

frimble the Stinger (Demonspawn Venom Mage)         Turns: 6833, Time: 00:08:26

Health: -7/90      AC: 24    Str:  8    XL:     8   Next: 26%
Magic:  3/11       EV:  2    Int: 20    God:
Gold:   266        SH:  0    Dex: 13    Spells: 10/11 levels left

rFire   . . .      SeeInvis .   g - +9 staff of Olgreb {rPois∞}
rCold   . . .      Faith    .   (no shield)
rNeg    + + +      Spirit   .   (armour currently unavailable)
rPois   ∞          Reflect  .   (helmet currently unavailable)
rElec   .          Harm     .   (cloak currently unavailable)
rCorr   .          Rampage  .   (gloves currently unavailable)
Will    .....      NoTele   +   (boots currently unavailable)
Stlth   ++........              (no amulet)
HPRegen 0.25/turn               (no ring)
MPRegen 0.12/turn               (no ring)

@: tree-form
A: stationary, stasis, torment immunity, boosted hp, (hooves 1), (molten scales
2), (spiny 2)
a: Evoke the Staff of Olgreb


You were on level 7 of the Dungeon.
You were a tree.
You visited 1 branch of the dungeon, and saw 7 of its levels.

You collected 329 gold pieces.
You spent 63 gold pieces at shops.

Inventory:

Hand Weapons
 b - a +0 dagger
 g - the +9 staff of Olgreb (weapon) {rPois∞}
   (You acquired it on level 2 of the Dungeon)

   If the wielder is skilled in Evocations, they can envenom those struck by it,
   dealing poison damage which bypasses armour.
   It enhances your poison magic.
   It grants immunity to poison.
   It can be evoked to radiate toxic energy, with effectiveness depending on
   Evocations skill.
Missiles
 c - 8 curare-tipped darts
 d - 20 poisoned darts (quivered)
Armour
 a - a +0 robe (melded)
 e - a +0 helmet (melded)
Jewellery
 s - a ring of wizardry
Wands
 l - a wand of mindburst (13)
 p - a wand of flame (14)
Scrolls
 i - a scroll of summoning
 j - 3 scrolls of magic mapping
 k - a scroll of identify
 m - a scroll of blinking
 q - 2 scrolls of enchant armour {unknown}
 r - 2 scrolls of teleportation {unknown}
 t - a scroll of silence
 w - a scroll of amnesia {unknown}
 x - a scroll of vulnerability {unknown}
Potions
 h - 3 potions of flight
 n - a potion of cancellation
 u - a potion of curing
 v - a potion of ambrosia


   Skills:
 + Level 3.8 Fighting
 + Level 3.4 Staves
 + Level 3.5 Throwing
 + Level 2.6 Dodging
 - Level 1.8 Stealth
 - Level 2.0 Spellcasting
 - Level 1.0 Transmutations
 - Level 6.0 Poison Magic
 + Level 3.7 Evocations


You had 10 spell levels left.
You knew the following spells:

 Your Spells              Type           Power      Damage    Failure   Level
a - Sting                 Tmut/Pois      96%        1d7       3%          1

Your spell library contained the following spells:

 Spells                   Type           Power      Damage    Failure   Level
 Poisonous Vapours        Pois/Air       42%        N/A       7%          2
 Olgreb's Toxic Radiance  Pois           39%        N/A       13%         4
 Ignite Poison            Fire/Tmut/Pois 17%        N/A       19%         3
 Mephitic Cloud           Conj/Pois/Air  15%        N/A       21%         3
 Conjure Flame            Conj/Fire      2%         6-21      43%         3
 Sticky Flame             Conj/Fire      2%         2d3       83%         4


Dungeon Overview and Level Annotations

Branches:
Dungeon (7/15)
 Temple: D:4-7

Altars:
Gozag
Okawaru
Zin

Shops:
D:2 *   D:3 [(=(?   D:6 !

Annotations:
D:3 3 runed translucent doors, AlleluiaPinecone's ghost, amateur FoFi
D:7 Harold


Innate Abilities, Weirdness & Mutations

You are a tree.
Your roots penetrate the ground, keeping you stationary.
You cannot be teleported.
You are immune to unholy pain and torment.
Your maximum health is greatly increased.
Your equipment is partially melded.
((You have large cloven feet.))
((You are mostly covered in molten scales. (AC +3)))
((You are mostly covered in sharp spines.))


Message History

You struggle against the net.
You rip the net and break free!
Harold fires a harpoon shot at you. The harpoon shot hits you.
You are yanked forward by the harpoon shot.
Found a stone staircase leading down.
Okay, then.
You begin to radiate toxic energy.
Harold is poisoned.
Harold hits you with a +0 mace!
You hit Harold but do no damage. You kick Harold, but do no damage.
Harold is lightly wounded.
Your toxic aura wanes.
Harold hits you with a +0 mace!
You hit Harold but do no damage.
Harold is lightly wounded.
Harold hits you with a +0 mace!
* * * LOW HITPOINT WARNING * * *
Blink to where?
Press: ? - help, Dir - move target
Okay, then.
Unknown command.
Unknown command.
You feel much better. Harold is struck by your spines.
Harold hits you with a +0 mace!
Really quaff the potion of lignification?
You turn into a tree.
Your +0 helmet melds into your body.
Your +0 robe melds into your body.
Your roots penetrate the ground.
Harold hits you but does no damage.
You begin to radiate toxic energy.
Harold hits you with a +0 mace!
* * * LOW HITPOINT WARNING * * *
You hit Harold.
Harold is moderately wounded.
Harold looks even sicker.
Your toxic aura wanes.
Harold hits you with a +0 mace!
* * * LOW HITPOINT WARNING * * *
You hit Harold.
You envenom Harold.
Harold looks even sicker.
Harold is moderately wounded.
Harold hits you with a +0 mace!
You die...

# #. #.######
#......#..
#......#.#
#......#.#
.##...@..#.#
.......♣.#.#
#)#......#.#
.........#$######
#...............#
#........#####.##
.....?...<...#
##..###.###.##
..> #.# .# #. #


You could see Harold (very poisoned).

Vanquished Creatures
  3 centaurs
  2 ogres
  A phantom (D:6)
  2 scorpions
  3 wights (D:6)
  A howler monkey (D:4)
  2 hounds
  2 jellies
  2 iguanas (D:6)
  3 orc wizards
  A hound skeleton (D:4)
  4 gnolls (D:4)
  7 adders
  A shadow imp (D:5)
  An ufetubus (D:6)
  An adder zombie (D:5)
  3 worms
  3 dart slugs
  13 orcs
  4 ball pythons
  7 endoplasms
  4 giant cockroaches
  3 goblins
  6 hobgoblins
  13 jackals
  2 quokkas
  7 bats
  4 frilled lizards
  7 kobolds
  10 rats
122 creatures vanquished.

Notes
Turn   | Place    | Note
-------+----------+-------------------------------------------
     0 | D:1      | frimble the Demonspawn Venom Mage began the quest for the
                  | Orb.
     0 | D:1      | Reached XP level 1. HP: 13/13 MP: 3/3
     1 | D:1      | Found an iron altar of Okawaru.
    94 | D:1      | Reached skill level 1 in Transmutations
   350 | D:1      | Gained mutation: You are partially covered in molten
                  | scales. (AC +2) [demonic ancestry]
   350 | D:1      | Reached XP level 2. HP: 8/19 MP: 1/5
  1332 | D:1      | Found a faded altar of an unknown god.
  1529 | D:2      | Reached skill level 4 in Poison Magic
  1546 | D:1      | Reached XP level 3. HP: 10/24 MP: 1/6
  2508 | D:2      | Found Uhefooq's General Store.
  2520 | D:2      | Gained mutation: You are partially covered in sharp spines.
                  | [demonic ancestry]
  2520 | D:2      | Reached XP level 4. HP: 30/30 MP: 7/7
  2542 | D:2      | Bought a scroll of magic mapping for 49 gold pieces
  2543 | D:2      | Identified a scroll of acquirement
  2543 | D:2      | Acquired the +9 staff of Olgreb {rPois∞}
  2543 | D:2      | Found the +9 staff of Olgreb {rPois∞}
  2751 | D:3      | Found Qoneuq's Antique Weapon Shop.
  2751 | D:3      | Found Rahye's Magic Scroll Boutique.
  2752 | D:3      | Found Lum Unk's Jewellery Emporium.
  3122 | D:3      | Found Poiluz's Armour Emporium.
  3203 | D:3      | Found a runed translucent gate.
  3204 | D:3      | Found a runed translucent gate.
  3205 | D:3      | Found an opulent altar of Gozag.
  3205 | D:3      | Found a runed translucent gate.
  3208 | D:3      | Noticed AlleluiaPinecone's ghost (amateur FoFi)
  3226 | D:3      | Found Wuplu's Antique Weapon Boutique.
  3500 | D:4      | Found an iron altar of Okawaru.
  3522 | D:4      | Reached skill level 1 in Throwing
  3635 | D:4      | Reached skill level 1 in Evocations
  3635 | D:4      | Gained mutation: You have large cloven feet. [demonic
                  | ancestry]
  3635 | D:4      | Reached XP level 5. HP: 34/36 MP: 8/8
  3660 | D:4      | You fall into a shaft and drop 2 floors!
  3714 | D:6      | Reached skill level 1 in Fighting
  3774 | D:6      | Reached skill level 1 in Staves
  3774 | D:6      | Reached skill level 5 in Poison Magic
  3817 | D:5      | Entered Level 5 of the Dungeon
  3973 | D:5      | Noticed an ogre
  3981 | D:5      | Killed an ogre
  3982 | D:5      | Reached XP level 6. HP: 44/44 MP: 0/9
  4529 | D:5      | Gained mutation: You are mostly covered in molten scales.
                  | (AC +3) [demonic ancestry]
  4529 | D:5      | Reached XP level 7. HP: 34/51 MP: 5/10
  6129 | D:6      | Reached skill level 6 in Poison Magic
  6250 | D:6      | Gained mutation: You are mostly covered in sharp spines.
                  | [demonic ancestry]
  6250 | D:6      | Reached XP level 8. HP: 52/58 MP: 11/11
  6372 | D:6      | Found Wyroed's Distillery.
  6594 | D:6      | Bought a potion of degeneration for 14 gold pieces
  6821 | D:7      | Noticed Harold
  6833 | D:7      | Mangled by Harold

Illustrated notes

Levels and vault maps discovered:
D:1:      sevenhm_arrival_forest_fort_small_6, layout_loops_ring,
          hellmonk_ecumenical_altar_leap_of_faith, kennysheep_boxes
D:2:      layout_basic, serial_shops, shop, minmay_small_reverse_x
D:3:      layout_basic, serial_shops, nicolae_shop_stone,
          nicolae_lakefront_shop, nicolae_shop_overgrown_old_shop, shop, shop,
          ebering_ghost_gozag, minmay_misc_feat_tower, minmay_unequal
D:4:      layout_loops_cross, okawaru_trees_2
D:5:      layout_gridville
D:6:      layout_basic, nicolae_overflow_hidden_temple, serial_shops,
          nicolae_shop_trees
D:7:      kennysheep_six_static_rooms, layout_basic,
          mainiacjoe_overflow_catch_the_wave, minmay_temple_entry_large_hall,
          uniq_harold

Skill      XL: |  1  2  3  4  5  6  7 |
---------------+----------------------+-----
Transmutations | 1 |  1.0
Poison Magic   | 4 5 6 |  6.0
Throwing       | 1 2 3 |  3.5
Evocations     | 1 2 3 |  3.7
Fighting       | 1 2 3 |  3.8
Staves         | 1 2 3 |  3.4
Dodging        | 2 |  2.6
Stealth        | |  1.8
Spellcasting   | |  2.0

Action                   |  1- 3 |  4- 6 |  7- 9 || total
-------------------------+-------+-------+-------++-------
Melee: Dagger            |   143 |     6 |       ||   149
       Unarmed           |     7 |       |       ||     7
       Staff             |       |    52 |    74 ||   126
       Kick              |       |     4 |    15 ||    19
Throw: Dart              |     6 |     2 |       ||     8
 Cast: Sting             |    53 |     2 |       ||    55
 Abil: Evoke the Staff o |       |     6 |     6 ||    12
  Use: Scroll            |     2 |     2 |     7 ||    11
       Potion            |       |       |     2 ||     2
 Stab: Sleeping          |     3 |     2 |     5 ||    10
Armor: Robe              |    56 |    15 |    21 ||    92
       Skin              |       |       |     1 ||     1
Dodge: Dodged            |   143 |    47 |    36 ||   226

Table legend: (Time is in decaauts)
 A = Elapsed time spent in this place.
 B = Non-inter-level travel time spent in this place.
 C = Inter-level travel time spent in this place.
 D = Time resting spent in this place.
 E = Time spent auto-exploring this place.
 F = Levels seen in this place.
 G = Mean time per level.
                   A        B        C        D        E       F      G
               +--------+--------+--------+--------+--------+-----+--------+
         Total |   6847 |   6528 |    319 |      0 |   5530 |   7 |  978.1 |
       Dungeon |   6847 |   6528 |    319 |      0 |   5530 |   7 |  978.1 |
               +--------+--------+--------+--------+--------+-----+--------+

Top non-repeatable levels by time:
     D:1: 1740 daAuts
     D:5: 1217 daAuts
     D:6: 1018 daAuts
     D:2: 1010 daAuts
     D:4: 966 daAuts
     D:3: 880 daAuts
     D:7: 14 daAuts
